AoeStats
← akbolso

Hideout

509680531Analyzed
1v1 RM · 3d ago on Sep 27, 2026· 44m 52s· 2 players
Game mode
Random Map
Map size
Tiny (2 player)
Population
200
Speed
Normal
Resources
Standard
Victory
Conquest
Starting age
Dark Age
Ending age
Imperial Age
RankedLock teamsTeams togetherTeam positionsShared explorationLock speedFull tech treeHidden civsTurbo modeCheats
Victory
Defeat
🇹🇷 Portuguese · Türkiye
1052
+15
🇺🇾 Malians · Uruguay
1032
-15
akbolso
10:29 Feudal Age
14:30 Castle Age
13:21 Loom
14:35 Forging
14:14 Double-Bit Axe
15:19 Arson
14:57 Man-at-Arms
15:39 Squires
16:41 Long Swordsman
21:20 Scale Mail Armor
28:00 Fletching
28:08 Pikeman
36:00 Imperial Age
galsberg
6:57 Loom
7:02 Loom
9:40 Feudal Age
18:03 Castle Age
16:48 Bloodlines
19:31 Scale Barding Armor
21:46 Forging
25:58 Wheelbarrow
25:05 Horse Collar
33:06 Imperial Age
31:35 Gold Mining
31:59 Double-Bit Axe
32:49 Fletching
32:59 Padded Archer Armor
33:21 Chain Barding Armor
35:49 Plate Barding Armor
35:29 Leather Archer Armor
36:07 Stone Mining
36:18 Elite Skirmisher
37:32 Bodkin Arrow
40:36 Ring Archer Armor
41:46 Ballistics
45:23 Bracer
45:59 Iron Casting
Connection lost

Rejoining the realm…

Still unreachable

The connection could not be restored.

Session expired

The server has moved on; the page needs a fresh start.